Map: Frozen Temple

Players

Fropez - Winner!

  • Race: Protoss Protoss
  • League: Gold
  • Spawn Location: 11:00

Venom

  • Race: Zerg Zerg
  • League: Gold
  • Spawn Location: 5:00

VOD

Have the link to the VOD?

Description

Time

  • Played on: Sept. 9, 2016, 7:14 p.m.
  • Length: 16:25
Show
View Real Time Build Order
Export as new Build Order

Fropez Protoss - Winner!

Build Orders:  

Get SALT Encoding   

  12  0:01  Probe (Chrono Boost)  
  13  0:11  Probe (Chrono Boost)  
  14  0:24  Pylon  
  14  0:26  Probe (Chrono Boost)  
  15  0:35  Assimilator  
  16  0:42  Probe (Chrono Boost)  
  16  0:46  Gateway  
  16  0:53  Probe (Chrono Boost)  
  17  1:04  Probe (Chrono Boost)  
  18  1:11  Pylon  
  18  1:14  Probe (Chrono Boost)  
  19  1:23  Gateway  
  19  1:28  Probe (Chrono Boost)  
  20  1:38  Probe (Chrono Boost)  
  21  1:45  Cybernetics Core  
  21  1:49  Probe (Chrono Boost)  
  22  2:04  Probe (Chrono Boost)  
  23  2:13  Gateway  
  23  2:14  Gateway  
  23  2:17  Probe (Chrono Boost)  
  23  2:21  Pylon  
  24  2:28  Warp Gate (Chrono Boost)  
  25  2:32  Assimilator  
  25  2:33  Mothership Core  
  26  2:54  Pylon, Probe  
  27  3:03  Adept x3  
  33  3:06  Probe  
  33  3:14  Adept  
  33  3:18  Probe  
  36  3:30  Adept  
  38  3:51  Pylon  
  38  4:01  Nexus  
  38  4:09  Adept x2  
  32  4:53  Pylon  
  32  4:55  Pylon  
  32  4:56  Probe  
  32  4:59  Pylon  
  31  5:07  Pylon  
  31  5:08  Probe  
  30  5:15  Adept x4  
  38  5:22  Probe  
  38  5:27  Twilight Council  
  39  5:28  Probe  
  39  5:31  Gateway  
  39  5:34  Gateway  
  40  5:37  Probe  
  40  5:42  Probe  
  40  6:04  Probe  
  40  6:06  Probe  
  40  6:09  Assimilator  
  40  6:10  Adept x2  
  40  6:11  Adept x2, Assimilator  
  50  6:32  Probe  
  48  6:33  Probe  
  48  6:43  Probe, Stalker x4  
  48  6:45  Resonating Glaives (Chrono Boost), Probe  
  52  7:04  Probe  
  52  7:05  Probe  
  52  7:06  Robotics Facility  
  54  7:17  Probe  
  54  7:19  Probe  
  54  7:20  Pylon  
  56  7:29  Probe  
  57  7:38  Adept x4  
  57  7:39  Adept x2  
  69  7:44  Pylon  
  69  7:49  Probe  
  69  7:50  Probe  
  71  7:54  Immortal (Chrono Boost)  
  75  8:05  Adept x3  
  79  8:06  Adept x3  
  87  8:29  Immortal (Chrono Boost)  
  89  8:51  Nexus  
  89  8:53  Pylon  
  87  9:03  Immortal (Chrono Boost)  
  79  9:29  Adept x5  
  79  9:30  Adept  
  81  9:37  Immortal (Chrono Boost)  
  83  9:51  Adept x3  
  83  9:52  Adept x3  
  95  10:00  Probe  
  95  10:01  Probe  
  95  10:04  Probe  
  98  10:16  Stalker x6  
  111  10:21  Observer (Chrono Boost)  
  111  10:29  Pylon, Probe  
  111  10:31  Probe  
  111  10:32  Dark Shrine  
  111  10:34  Gateway  
  113  10:55  Pylon  
  113  10:57  Stalker x4  
  113  10:58  Pylon, Stalker  
  98  11:28  Adept x6  
  110  11:33  Probe  
  110  11:34  Probe x2  
  110  11:39  Assimilator  
  113  11:41  Assimilator  
  113  11:51  Nexus  
  113  11:54  Pylon  
  113  11:57  Pylon  
  101  12:28  Immortal (Chrono Boost)  
  105  12:31  Dark Templar  
  105  12:32  Dark Templar x5  
  113  13:03  Immortal (Chrono Boost)  
  117  13:16  Probe  
  117  13:17  Probe x2  
  117  13:18  Probe  
  121  13:27  Dark Templar x2  
  121  13:28  Dark Templar x5  
  121  13:30  Probe x2  
  137  13:39  Forge  
  137  13:41  Forge  
  137  14:00  Protoss Ground Weapons Level 1 (Chrono Boost)  
  137  14:05  Dark Templar x5  
  137  14:06  Dark Templar x2  
  151  14:12  Pylon  
  151  14:14  Protoss Ground Armor Level 1 (Chrono Boost)  
  151  14:15  Assimilator  
  151  14:17  Assimilator  
  151  14:18  Charge (Chrono Boost)  
  151  14:51  Archon x4  
  104  15:24  Adept x2  
  104  15:25  Adept x5  
  110  15:34  Gateway  
  110  15:35  Gateway  
  100  15:39  Gateway  
  100  15:40  Gateway  
  94  15:49  Gateway  
  94  15:50  Gateway  
Show
View Real Time Build Order
Export as new Build Order

Venom Zerg 

Build Orders: Hatch First 

Get SALT Encoding   

  12  0:03  Drone  
  13  0:08  Drone  
  14  0:23  Extractor x2  
  14  0:24  Drone  
  14  0:25  Drone  
  16  0:31  Overlord  
  17  0:50  Drone x2  
  18  1:02  Drone  
  18  1:03  Hatchery  
  18  1:07  Extractor  
  18  1:08  Drone  
  18  1:27  Spawning Pool, Drone  
  18  1:34  Drone  
  19  1:40  Drone  
  20  1:54  Overlord  
  20  2:07  Drone  
  21  2:14  Queen  
  23  2:16  Zergling x4  
  23  2:18  Metabolic Boost  
  25  2:27  Spine Crawler, Drone x2  
  26  2:34  Queen  
  28  2:45  Drone  
  28  2:46  Drone x2  
  28  2:48  Drone  
  31  3:25  Drone x3  
  31  3:26  Drone x3  
  36  3:32  Spine Crawler  
  36  3:33  Spore Crawler  
  34  3:35  Queen  
  36  3:42  Overlord x2  
  36  3:43  Extractor  
  36  3:44  Lair  
  35  3:58  Drone  
  35  4:01  Extractor  
  35  4:03  Extractor, Hatchery  
  35  4:05  Spore Crawler  
  35  4:09  Drone  
  33  4:10  Drone x5  
  38  4:22  Zergling x6  
  38  4:23  Zergling x6  
  36  4:39  Spine Crawler  
  33  4:51  Drone x2  
  33  4:52  Drone x2  
  36  5:03  Roach Warren  
  35  5:14  Zergling x8  
  35  5:15  Zergling x2  
  35  5:20  Drone x2  
  41  5:40  Zergling x6  
  41  5:41  Zergling x6  
  47  5:48  Hydralisk Den  
  39  6:08  Zergling x4  
  39  6:09  Zergling x10  
  39  6:10  Zergling x2  
  46  6:15  Drone, Spore Crawler  
  46  6:16  Drone x6  
  46  6:17  Drone x2  
  54  6:24  Lurker Den  
  48  6:33  Roach x2  
  48  6:34  Roach  
  48  6:37  Spine Crawler  
  48  6:39  Roach  
  52  6:40  Roach  
  49  6:56  Overlord x2  
  49  6:57  Overlord  
  49  7:08  Overlord  
  49  7:17  Evolution Chamber  
  49  7:20  Evolution Chamber, Drone  
  49  7:21  Drone x5  
  49  7:22  Drone x4  
  57  7:24  Drone  
  58  7:32  Overseer  
  58  7:49  Hydralisk x5  
  58  7:50  Hydralisk  
  70  7:58  Extractor  
  69  7:59  Extractor  
  68  8:08  Hatchery  
  67  8:15  Zergling x6  
  67  8:16  Zergling x10  
  67  8:17  Zergling x4  
  77  8:24  Roach  
  77  8:25  Roach  
  81  8:27  Overlord  
  81  8:28  Overlord  
  81  8:43  Overlord  
  81  8:45  Queen x2  
  66  9:35  Hydralisk x4  
  66  9:36  Hydralisk x5  
  66  9:37  Hydralisk x5  
  94  9:52  Pneumatized Carapace  
  96  10:07  Drone x5  
  96  10:08  Drone x6  
  96  10:09  Drone  
  106  10:26  Lurker  
  106  10:27  Lurker x2  
  72  11:08  Roach x5  
  72  11:09  Roach x5  
  72  11:10  Roach x2  
  78  11:27  Zergling x2  
  78  11:28  Zergling x6  
  78  11:31  Queen x4  
  90  11:34  Roach  
  90  11:35  Roach x2  
  90  11:38  Overlord  
  96  11:46  Zerg Melee Weapons Level 1  
  96  11:48  Zerg Ground Armor Level 1  
  96  11:52  Evolution Chamber  
  95  11:54  Extractor  
  95  11:55  Extractor, Roach  
  95  11:59  Zergling x2  
  95  12:00  Zergling x12  
  101  12:08  Zergling x10  
  102  12:21  Hydralisk  
  102  12:22  Hydralisk x3  
  103  12:33  Zergling x2  
  103  12:34  Overlord x3  
  103  12:35  Overlord  
  104  12:42  Zerg Missile Weapons Level 1  
  101  12:53  Zergling x4  
  101  12:54  Zergling x12  
  109  13:13  Infestation Pit  
  108  13:28  Zergling x2  
  108  13:29  Zergling x14  
  108  13:30  Zergling x8  
  118  13:56  Overseer x2  
  118  13:57  Overseer  
  118  14:07  Hive  
  118  14:37  Hatchery  
  103  15:08  Zergling x2  
  103  15:09  Zergling x12  
  103  15:10  Zergling x16  
  76  15:25  Zergling x4  
  45  15:39  Zergling x6  
  45  15:41  Zergling x2  
  39  16:01  Hydralisk Den  
  29  16:14  Spine Crawler  
  29  16:15  Spine Crawler  
Tags
 
League
GoldGold
Matchup
PvZ
Replay Pack
All Mines
Spawn Locations
Cross Positions
Add a new tag
Caveats
  • Supply blocks, unpowered buildings, or Contaminate may cause inaccurate times.
  • Supply counts are checked every 10 seconds.